Map: Cyber Forest LE

Players

Erik

  • Race: Zerg Zerg
  • Spawn Location: 5:00

Clem - Winner!

  • Race: Terran Terran
  • Spawn Location: 11:00

Event: 2019 WCS Summer

VOD

Have the link to the VOD?

Description

Time

  • Played on: July 12, 2019, 7:56 a.m.
  • Length: 11:39

All games in this series

Show
View Real Time Build Order
Export as new Build Order

Erik Zerg 

Build Orders: Pool First, Muta Ling Bane 

Get SALT Encoding   

  12  0:00  Drone  
  13  0:08  Drone  
  14  0:14  Extractor  
  14  0:15  Drone  
  15  0:22  Overlord  
  15  0:36  Spawning Pool  
  15  0:40  Drone  
  15  0:44  Drone  
  15  0:47  Drone  
  17  1:09  Hatchery  
  16  1:12  Drone  
  16  1:15  Extractor  
  16  1:23  Queen  
  18  1:27  Zergling x2  
  18  1:30  Zergling x2  
  20  1:36  Overlord  
  20  1:41  Drone  
  21  1:50  Drone  
  22  1:59  Drone  
  22  2:01  Queen  
  25  2:10  Drone  
  26  2:15  Metabolic Boost  
  26  2:22  Drone x2  
  28  2:32  Drone x4  
  31  2:47  Hatchery  
  30  2:52  Overlord  
  30  2:54  Drone  
  30  2:56  Drone  
  32  2:59  Drone  
  35  3:06  Queen  
  35  3:15  Zergling x4  
  35  3:16  Drone x3  
  35  3:19  Drone  
  41  3:21  Drone  
  41  3:25  Drone x2  
  44  3:34  Overlord  
  44  3:39  Overlord  
  44  3:49  Overlord  
  44  3:52  Queen  
  44  3:54  Zergling x10  
  51  3:57  Drone  
  51  3:59  Drone, Queen  
  55  4:04  Drone  
  55  4:05  Drone  
  55  4:09  Baneling Nest  
  56  4:15  Overlord, Spore Crawler  
  56  4:16  Drone  
  56  4:19  Drone x3  
  56  4:24  Lair  
  59  4:25  Drone  
  59  4:27  Extractor  
  59  4:30  Queen  
  61  4:35  Drone x3  
  65  4:38  Drone  
  66  4:45  Zergling x2  
  66  4:46  Zergling x8  
  67  4:54  Zergling x2  
  67  4:55  Zergling x2  
  65  5:02  Spore Crawler  
  65  5:04  Extractor  
  65  5:06  Drone x5  
  66  5:07  Extractor  
  63  5:19  Drone x6  
  68  5:21  Drone  
  68  5:24  Drone x2  
  68  5:26  Drone  
  68  5:31  Drone x2  
  68  5:32  Centrifical Hooks  
  69  5:44  Drone  
  69  5:45  Drone x4, Evolution Chamber  
  69  5:47  Drone, Evolution Chamber  
  73  5:50  Drone  
  73  5:58  Drone  
  73  6:00  Overlord  
  73  6:05  Spire  
  73  6:08  Drone  
  73  6:10  Extractor, Overlord  
  72  6:13  Hatchery  
  72  6:14  Overlord  
  72  6:17  Overlord  
  71  6:22  Zerg Ground Armor Level 1, Zerg Melee Weapons Level 1  
  71  6:23  Baneling  
  71  6:24  Baneling x3  
  71  6:32  Drone x3  
  74  6:33  Zergling x8  
  74  6:34  Zergling x2  
  79  6:41  Zergling x10  
  84  6:47  Drone x5  
  84  6:51  Extractor  
  87  6:55  Zergling x4  
  87  6:56  Zergling x2  
  83  7:03  Zergling x2  
  83  7:04  Zergling x14  
  83  7:08  Baneling x3  
  85  7:09  Baneling x3  
  85  7:11  Drone x3  
  85  7:12  Drone  
  85  7:13  Drone  
  90  7:23  Mutalisk  
  90  7:24  Mutalisk x2  
  90  7:29  Mutalisk x3  
  100  7:37  Mutalisk  
  100  7:38  Mutalisk x2  
  100  7:42  Drone x2  
  100  7:43  Overlord  
  108  7:45  Overlord  
  107  7:52  Overlord  
  107  7:58  Zerg Flyer Weapons Level 1  
  107  8:00  Overlord  
  107  8:02  Overlord  
  107  8:04  Drone  
  107  8:05  Drone x7  
  113  8:09  Zergling x4  
  113  8:11  Zergling x2  
  113  8:12  Zergling x6  
  121  8:19  Mutalisk x4  
  123  8:22  Pneumatized Carapace  
  123  8:24  Overlord  
  123  8:26  Overlord  
  129  8:32  Zergling x10  
  129  8:33  Zergling x2  
  135  8:34  Drone  
  135  8:36  Baneling x5  
  136  8:42  Infestation Pit  
  136  8:43  Zerg Melee Weapons Level 2  
  136  8:47  Overlord  
  133  8:57  Zerg Ground Armor Level 2  
  133  8:59  Mutalisk  
  135  9:03  Zergling x24  
  143  9:16  Baneling x7  
  143  9:17  Mutalisk  
  136  9:19  Zergling x18  
  136  9:21  Baneling  
  136  9:23  Extractor  
  146  9:24  Extractor  
  146  9:26  Mutalisk  
  146  9:28  Drone x2  
  145  9:34  Hive  
  145  9:37  Drone x6  
  151  9:47  Hatchery  
  151  9:51  Mutalisk  
  151  9:52  Mutalisk x2  
  156  9:55  Overlord  
  156  10:02  Baneling  
  156  10:03  Baneling  
  156  10:04  Zergling x2  
  156  10:05  Zergling x18  
  157  10:19  Zergling x6  
  157  10:20  Zergling x10  
  141  10:32  Mutalisk  
  141  10:33  Mutalisk x5  
  143  10:38  Baneling  
  143  10:39  Baneling x9  
  141  10:45  Zergling x2  
  141  10:46  Zergling x10  
  141  10:53  Zergling x4  
  141  10:54  Zergling x4  
  135  11:05  Zergling x2  
  135  11:06  Zergling x6  
  115  11:13  Baneling x6  
  105  11:18  Zergling x8  
  105  11:24  Ultralisk Cavern  
Show
View Real Time Build Order
Export as new Build Order

Clem Terran - Winner!

Build Orders: Gas First Reaper Expand, Liberator Opening 

Get SALT Encoding   

  12  0:00  SCV  
  13  0:12  SCV  
  14  0:17  Supply Depot  
  14  0:25  SCV  
  14  0:27  Refinery  
  15  0:38  SCV  
  16  0:44  Barracks  
  16  0:50  SCV  
  17  1:02  SCV  
  18  1:14  SCV  
  19  1:31  Orbital Command, Reaper  
  20  1:43  Command Center  
  20  1:54  Factory  
  20  1:59  SCV  
  21  2:07  Barracks Reactor  
  21  2:11  SCV  
  21  2:13  Supply Depot  
  22  2:17  Refinery  
  22  2:23  SCV  
  23  2:35  SCV  
  24  2:45  Starport  
  24  2:47  SCV  
  24  2:49  Barracks Tech Lab  
  24  2:50  Hellion  
  29  2:51  Hellion  
  29  2:59  Orbital Command  
  29  3:02  SCV  
  30  3:05  Liberator  
  34  3:13  Hellion x2  
  34  3:16  SCV  
  35  3:26  SCV  
  39  3:28  SCV  
  40  3:35  Supply Depot  
  40  3:38  SCV  
  41  3:42  Hellion  
  41  3:43  Hellion  
  41  3:47  Stimpack  
  45  3:49  Marine  
  46  3:56  SCV x2  
  46  3:59  Supply Depot  
  48  4:06  Supply Depot  
  48  4:08  Marine, SCV x2  
  51  4:20  Command Center  
  51  4:24  SCV  
  52  4:25  SCV  
  52  4:27  Marine  
  54  4:37  Barracks  
  54  4:38  Factory Reactor  
  54  4:39  Barracks  
  54  4:41  SCV  
  54  4:43  Factory Tech Lab, Starport Reactor  
  54  4:45  Marine  
  56  4:52  SCV  
  57  4:56  SCV  
  57  4:57  Engineering Bay  
  57  4:58  Engineering Bay  
  57  5:03  Marine  
  57  5:04  SCV  
  57  5:05  Siege Tank  
  62  5:08  SCV  
  62  5:12  Refinery x2  
  63  5:16  SCV  
  63  5:20  Marine, SCV  
  64  5:25  Terran Infantry Weapons Level 1  
  62  5:28  SCV  
  62  5:30  Marine x2, Starport Reactor  
  62  5:32  Orbital Command  
  62  5:35  Terran Infantry Armor Level 1  
  63  5:38  Marine  
  63  5:40  Marine x2  
  66  5:45  Siege Tank  
  66  5:47  SCV x2  
  66  5:48  Marine  
  72  5:50  Combat Shield  
  72  5:53  Marine  
  72  5:56  Orbital Command  
  73  5:59  SCV  
  73  6:00  Marine x3  
  71  6:08  Medivac  
  71  6:09  Medivac  
  75  6:11  Supply Depot  
  75  6:13  SCV x2  
  75  6:16  Marine  
  78  6:20  Siege Tank  
  78  6:23  Armory  
  78  6:25  SCV  
  82  6:26  Supply Depot  
  82  6:27  SCV  
  82  6:29  Marine  
  85  6:33  Marine x3  
  85  6:34  Marine  
  85  6:36  SCV  
  89  6:43  Barracks x2  
  89  6:48  Marine  
  89  6:49  SCV  
  89  6:50  Marine  
  89  6:51  Marine, Medivac  
  89  6:52  Medivac  
  97  6:55  SCV  
  97  6:58  Supply Depot  
  95  7:02  SCV  
  95  7:03  Marine, SCV  
  95  7:05  Supply Depot  
  95  7:07  Siege Tank, Marine  
  95  7:09  Marine  
  95  7:11  Marine  
  97  7:16  SCV x3  
  97  7:17  Marine  
  97  7:21  Terran Vehicle Weapons Level 1  
  101  7:25  Marine x2  
  101  7:28  SCV x2  
  101  7:29  SCV  
  106  7:33  Supply Depot  
  106  7:36  Barracks Reactor  
  106  7:37  Barracks Reactor, Supply Depot  
  106  7:41  Terran Infantry Weapons Level 2  
  106  7:42  Terran Infantry Armor Level 2  
  106  7:45  SCV x2  
  106  7:49  Marine x2  
  106  7:50  Marine x3  
  113  7:54  Missile Turret  
  113  7:56  Missile Turret  
  113  7:58  Missile Turret  
  116  8:05  Siege Tank  
  116  8:07  Marine x3  
  116  8:08  Medivac  
  116  8:10  Marine  
  116  8:11  Marine, Supply Depot  
  123  8:16  Barracks  
  123  8:19  Marine  
  115  8:20  Barracks x2  
  115  8:21  Medivac  
  115  8:24  Marine x3  
  115  8:25  Marine  
  121  8:29  Supply Depot  
  121  8:31  Marine  
  122  8:36  Missile Turret  
  122  8:37  Marine x4  
  122  8:39  Command Center  
  126  8:42  Siege Tank, Marine  
  126  8:44  Medivac  
  126  8:45  Marine x2  
  126  8:48  Marine x2  
  135  8:54  Marine x2  
  135  8:55  Marine x2  
  138  8:59  Marine  
  138  9:00  Supply Depot  
  138  9:01  Medivac  
  142  9:02  Marine  
  142  9:05  Marine x2  
  142  9:06  Marine  
  146  9:13  Marine  
  146  9:14  Siege Tank  
  146  9:15  Marine x6, Medivac  
  136  9:19  Supply Depot  
  136  9:20  Marine x2  
  136  9:22  Marine  
  139  9:27  Marine  
  139  9:31  Marine  
  141  9:32  Terran Vehicle And Ship Armor Level 1  
  141  9:33  Marine x3  
  141  9:34  Marine  
  141  9:38  Marine, Barracks Reactor x3  
  146  9:47  Siege Tank  
  146  9:48  Marine  
  146  9:51  SCV  
  146  9:52  SCV  
  150  9:54  Marine  
  150  9:55  Supply Depot x2  
  150  9:56  Marine x2  
  153  10:00  Marine x5, Medivac  
  153  10:04  Supply Depot  
  153  10:06  Marine  
  155  10:11  Marine  
  155  10:14  Marine x2  
  156  10:15  Marine x5  
  156  10:16  Marine  
  156  10:19  Siege Tank, Marine  
  153  10:23  SCV x2  
  153  10:25  SCV  
  150  10:30  Marine  
  150  10:34  Missile Turret  
  151  10:36  Marine, Medivac  
  151  10:37  Marine x5  
  151  10:41  SCV  
  160  10:44  Planetary Fortress  
  160  10:50  Marine x3  
  160  10:51  Siege Tank  
  160  10:57  Marine x2  
  165  10:58  Marine  
  165  11:01  Marine  
  165  11:02  Marine  
  158  11:06  Marine  
  154  11:12  Marine  
  151  11:19  SCV x3  
  151  11:23  SCV  
Tags
 
Add a new tag
Caveats
  • Supply blocks, unpowered buildings, or Contaminate may cause inaccurate times.
  • Supply counts are checked every 10 seconds.